 Dungeon Crawl Stone Soup version 0.28.0-53-g5a82cb258f (webtiles) character file.

Game seed: 18326521127709587528

1218 DildoBatman the Conjurer (level 8, -7/52 (56) HPs)
             Began as a Formicid Conjurer on July 4, 2022.
             Mangled by a wight
             ... wielding a +4 scimitar
              (9 damage)
             ... on level 6 of the Dungeon.
             The game lasted 00:13:54 (4800 turns).

DildoBatman the Conjurer (Formicid Conjurer)        Turns: 4800, Time: 00:13:55

HP:   -7/52 (56)    AC:  2    Str: 11    XL:     8   Next: 75%
MP:   12/12         EV: 12    Int: 19    God:
Gold: 200           SH:  0    Dex: 11    Spells: 7/13 levels left

rFire   . . .      SeeInvis +   a - +0 hunting sling
rCold   . . .      Faith    .   (no shield)
rNeg    . . .      Spirit   .   v - +0 robe
rPois   .          Reflect  .   (helmet unavailable)
rElec   .          Harm     .   (no cloak)
rCorr   .          Rampage  .   (no gloves)
Will    .....                   (no boots)
Stlth   ++........              m - amulet of magic regeneration
HPRegen 0.17/turn               t - ring of wizardry
MPRegen 0.53/turn               (no ring)

@: drained
A: permanent stasis, dig shafts and tunnels, antennae 3, four strong arms
a: Dig, Shaft Self


You were on level 6 of the Dungeon.
You visited 1 branch of the dungeon, and saw 6 of its levels.

You collected 200 gold pieces.

Inventory:

Hand Weapons
 a - a +0 hunting sling (weapon)
 b - a +0 long sword
 k - a -2 dagger of freezing
Missiles
 e - 17 bolts
 g - 5 poisoned darts
 h - 35 stones (quivered ammo)
 i - 34 sling bullets
 r - a boomerang
 u - 52 arrows
Armour
 v - a +0 robe (worn)
Jewellery
 m - an amulet of magic regeneration (around neck)
 t - a ring of wizardry (left hand)
Scrolls
 j - a scroll of silence
 n - a scroll of magic mapping {unknown}
 p - a scroll of teleportation
 s - 2 scrolls of blinking
 w - a scroll of fog {unknown}
Potions
 c - a potion of might {unknown}
 d - a potion of flight {unknown}
 f - 2 potions of heal wounds {unknown}
 l - a potion of magic {unknown}
 o - a potion of haste {unknown}
 q - a potion of curing {unknown}
 x - 2 potions of attraction {unknown}


   Skills:
 - Level 2.0 Fighting
 - Level 2.0 Armour
 - Level 1.7 Dodging
 - Level 2.4 Stealth
 - Level 3.0 Spellcasting
 - Level 6.0 Conjurations
 * Level 4.7 Air Magic
 - Level 6.0 Poison Magic


You had 7 spell levels left.
You knew the following spells:

 Your Spells              Type           Power      Damage    Failure   Level
a - Searing Ray           Conj           50%        2d6       1%          2
c - Magic Dart            Conj           100%       1d8       1%          1
e - Mephitic Cloud        Conj/Pois/Air  24%        N/A       1%          3

Your spell library contained the following spells:

 Spells                   Type           Power      Damage    Failure   Level
 Dazzling Flash           Conj/Hex       28%        N/A       5%          3
 Ignite Poison            Fire/Tmut/Pois 10%        N/A       9%          3
 Fulminant Prism          Conj/Hex       7%         3d7       17%         4
 Iskenderun's Mystic Bla  Conj/Tloc      14%        2d5       17%         4
 Freezing Cloud           Conj/Ice/Air   8%         6-21      34%         5
 Starburst                Conj/Fire      7%         6d4       92%         6


Dungeon Overview and Level Annotations

Branches:
Dungeon (6/15)
 Temple: D:4-7

Altars:
Dithmenos
Sif Muna
Trog
The Shining One

Shops:
D:6 *

Annotations:
D:2 Robin
D:3 exclusion: quokka, Natasha, Sigmund
D:4 Grinder
D:5 exclusion: 2 wights, Dowan, Duvessa
D:6 exclusions: electric eel and sensed monster (detected)


Innate Abilities, Weirdness & Mutations

You cannot be hasted, slowed, berserked, paralysed or teleported.
You can dig through walls and to a lower floor.
You have a pair of large antennae on your head. (SInv)
Your four strong arms can wield two-handed weapons with a shield.


Message History

The wight hits you with a +0 flail.
You feel drained.
You climb upwards.
Level annotation: Dowan, Duvessa
There is a stone staircase leading down here.
The wight closely misses you.
There is a stone staircase leading up here.
The wight closely misses you.
There is a stone staircase leading up here.
You see here a +0 giant club.
You see here a +0 giant club.
There is a stone staircase leading up here.
Removed exclusion.
Press: ? - help, . - travel You can't see that place. [the floor.] Placed new exclusion.
Unknown command.
Unknown command.
The wight hits you with a +3 short sword.
You feel drained.
You climb upwards.
Level annotation: Grinder
There is a stone staircase leading down here.
You see here a +0 leather armour.
There is a stone staircase leading down here.
You climb downwards.
Level annotation: exclusion: 2 wights, Dowan, Duvessa
There is a stone staircase leading up here.
There is a stone staircase leading down here.
You climb downwards.
Level annotation: exclusions: electric eel and sensed monster (detected)
The wight hits you with a +0 long sword!
The wight hits you with a +4 scimitar! The wight misses you.
The wight closely misses you.
There is a stone staircase leading up, spattered with blood here.
The wight hits you with a +0 long sword!
The wight hits you with a +4 scimitar!
You die...

###..## .......
####..# ########
...##.####♣♣♣ #.# {
... #.h.#§♣§♣♣#.#
.>.##...#♣§§§♣#.#
......#.#..§§§#.#
....###...§§....#
$..##
#.........#########
...
###..⌠..#.@z......####
...
#♣...♣#..z..........{
≈..
♣♣∩♣♣#.........÷###
≈≈. ♣♣♣ #..........#
≈≈S { ##......<...#
#...........#
#.#......†.##
...##......## #..#
########


You could see 2 wights.

Vanquished Creatures
  An ice beast (D:6)
  A sky beast (D:5)
  4 black bears
  A necrophage (D:4)
  2 ogres (D:5)
  A phantom (D:5)
  A scorpion (D:5)
  A hound (D:5)
  A bullfrog zombie (D:5)
  A centaur skeleton (D:4)
  An iguana (D:5)
  A hound skeleton (D:4)
  4 adders
  4 gnolls
  An ufetubus (D:5)
  2 worms
  2 dart slugs
  8 orcs (D:3)
  10 endoplasms
  3 giant cockroaches
  4 goblins
  2 hobgoblins
  7 jackals
  4 kobolds
  2 quokkas
  3 ball pythons
  2 bats
  A frilled lizard (D:1)
  4 rats
79 creatures vanquished.

Notes
Turn   | Place    | Note
-------+----------+-------------------------------------------
     0 | D:1      | DildoBatman the Formicid Conjurer began the quest for the
                  | Orb.
     0 | D:1      | Reached XP level 1. HP: 13/13 MP: 3/3
   310 | D:2      | Noticed Robin
   448 | D:1      | Reached XP level 2. HP: 19/19 MP: 3/5
   451 | D:1      | Learned a level 2 spell: Searing Ray
   773 | D:1      | Reached XP level 3. HP: 17/24 MP: 0/6
   870 | D:1      | Found a faded altar of an unknown god.
  1170 | D:2      | Reached XP level 4. HP: 30/30 MP: 4/7
  1373 | D:2      | Reached skill level 5 in Conjurations
  1542 | D:3      | Noticed an ogre
  1693 | D:3      | Reached XP level 5. HP: 27/35 MP: 5/8
  1785 | D:3      | Noticed Natasha
  1973 | D:3      | Noticed Sigmund
  2889 | D:4      | Learned a level 3 spell: Mephitic Cloud
  3015 | D:4      | Noticed a necrophage
  3027 | D:4      | Killed a necrophage
  3028 | D:4      | Reached skill level 1 in Fighting
  3028 | D:4      | Reached skill level 1 in Armour
  3028 | D:4      | Reached skill level 1 in Poison Magic
  3028 | D:4      | Reached XP level 6. HP: 38/43 MP: 1/10
  3127 | D:4      | Noticed Grinder
  3453 | D:4      | Noticed a black bear
  3462 | D:4      | Killed a black bear
  3463 | D:4      | Reached skill level 1 in Air Magic
  3634 | D:5      | Entered Level 5 of the Dungeon
  3638 | D:5      | Reached XP level 7. HP: 47/50 MP: 7/11
  3694 | D:5      | Found a bloodstained altar of Trog.
  3735 | D:5      | Found a shimmering blue altar of Sif Muna.
  3921 | D:5      | Reached XP level 8. HP: 56/56 MP: 5/12
  3963 | D:5      | Found a glowing golden altar of the Shining One.
  3991 | D:5      | Reached skill level 5 in Poison Magic
  4375 | D:5      | Noticed Dowan
  4437 | D:5      | Noticed Duvessa
  4542 | D:6      | Found Zanuteirre's Fire Supplies.
  4562 | D:6      | Found a shadowy altar of Dithmenos.
  4796 | D:6      | HP: 2/52 [wight/+0 long sword (9)]
  4800 | D:6      | Mangled by a wight

Illustrated notes

Levels and vault maps discovered:
D:1:      mainiacjoe_arrival_reflecting_pool, layout_loops_corners,
          basic_ecumenical_altar, minmay_misc_feat_diagonals
D:2:      layout_loops_ring, uniq_robin
D:3:      layout_basic, uniq_natasha, uniq_sigmund
D:4:      layout_basic, uniq_grinder
D:5:      layout_loops_cross, mainiacjoe_overflow_cross_hatched, led_sif_pool,
          trog_ov_bears_minmay, minmay_misc_feat_chi, uniq_duvessa
D:6:      kennysheep_slugbush, layout_rooms, nicolae_overflow_hidden_temple,
          nicolae_dithmenos_through_a_glass_darkly, serial_shops,
          nicolae_shop_behind_doors, corexii_hall_statues_l,
          nicolae_shop_fire_sale [nicolae_sub_dead_trees],
          uniq_crazy_yiuf_cottage

Skill      XL: |  1  2  3  4  5  6  7  8 |
---------------+-------------------------+-----
Conjurations   | 4 5 6 |  6.0
Fighting       | 1 2 |  2.0
Armour         | 1 2 |  2.0
Poison Magic   | 1 2 4 6 |  6.0
Spellcasting   | 3 |  3.0
Air Magic      | 1 3 4 |  4.7
Dodging        | |  1.7
Stealth        | |  2.4

Action                   |  1- 3 |  4- 6 |  7- 9 || total
-------------------------+-------+-------+-------++-------
Melee: Dagger            |    10 |       |       ||    10
       Short sword       |     2 |     5 |       ||     7
       Falchion          |       |    27 |       ||    27
       Flail             |       |     3 |       ||     3
       Punch             |       |     1 |       ||     1
 Fire: Hunting sling     |       |     4 |    12 ||    16
 Cast: Magic Dart        |    27 |    24 |     8 ||    59
       Searing Ray       |     6 |    14 |    25 ||    45
       Mephitic Cloud    |       |       |    18 ||    18
 Abil: Dig               |       |       |     3 ||     3
  Use: Scroll            |       |       |     3 ||     3
 Stab: Sleeping          |     1 |     1 |       ||     2
Armor: Robe              |     4 |     9 |     2 ||    15
Dodge: Dodged            |    19 |    49 |    17 ||    85
